Flyers vs Sabres

Created - 6 novembre 2017 at 21:06

Goals
1 2 3 T
Flyers 0 0 0 0
Sabres 3 0 1 4
Shots
1 2 3 T
Flyers 13 2 13 28
Sabres 11 20 9 40

1st period

1. Sabres , Anders Lee 6 (Mathew Dumba 7, Bo Horvat 6) at 16:00
2. Sabres , Kyle Turris 9 (Brandon Saad 11, Rasmus Ristolainen 13) at 17:31
3. Sabres , Patrick Eaves 5 (Ryan Nugent-Hopkins 6, Jake McCabe 4) at 19:32

Penalties :
Rasmus Ristolainen (BUF) for Tripping (Minor) at 0:23, Cody Franson (BUF) for Interference (Minor) at 6:10

2nd period

No Goal

Penalties :
Jonathan Ericsson (PHI) for Cross-checking (Minor) at 4:44, Ryan White (PHI) for Tripping (Minor) at 7:46, Scott Hartnell (PHI) for Hooking (Minor) at 10:57, Troy Stecher (PHI) for Hooking (Minor) at 13:31, Jonathan Ericsson (PHI) for Hooking (Minor) at 19:04

3rd period

4. Sabres , Patrick Eaves 6 (Adam Pelech 2, Ryan Nugent-Hopkins 7) at 1:23

Penalties :
Jake McCabe (BUF) for Tripping (Minor) at 1:32, Brett Connolly (BUF) for Tripping (Minor) at 4:55

Goalie Stats

Steve Mason (PHI), 36 saves from 40 shots - (0.900), L, 8-8-0, 60:00 minutes
Thomas Greiss (BUF), 28 saves from 28 shots - (1.000), W, 9-5-1, 60:00 minutes

Players Stats for Flyers

Player Name              G  A  P  +/- PIM S  H  SB GA TA FO     MP     PP MP  PK MP  
------------------------------------------------------------------------------------
Alexander Killorn        0  0  0  -3  0   1  5  1  0  0  0/2    20:20   4:20   2:07 
Andre Burakovsky         0  0  0   0  0   0  1  0  0  0  0/1    13:42   3:36   0:50 
Andrew MacDonald         0  0  0   0  0   0  0  1  0  0  0/0    20:00   0:19   5:29 
Calle Jarnkrok           0  0  0  -1  0   0  0  1  0  0  15/23  16:23   3:36   0:00 
Casey Cizikas            0  0  0   0  0   3  1  0  0  0  8/13   14:25   0:00   5:28 
Damon Severson           0  0  0   0  0   0  1  0  0  0  0/0    20:46   4:18   1:23 
Jean-Gabriel Pageau      0  0  0  -3  0   6  0  1  0  0  12/20  17:37   4:20   0:00 
Joel Ward                0  0  0  -1  0   1  0  0  0  0  0/1    15:40   0:00   2:53 
Jonathan Ericsson        0  0  0  -3  4   2  8  0  0  0  0/0    21:23   3:19   2:19 
Kyle Brodziak            0  0  0   0  0   0  1  0  0  0  5/9    14:36   0:00   5:39 
Marcus Johansson         0  0  0  -3  0   4  1  0  0  0  0/1    19:00   4:20   0:00 
Patrick Maroon           0  0  0   0  0   1  0  0  0  0  0/0     4:50   0:00   0:00 
Riley Sheahan            0  0  0   0  0   2  0  0  0  0  7/13   10:01   0:00   2:53 
Ryan Ellis               0  0  0  -3  0   4  0  2  0  0  0/0    24:22   4:37   4:32 
Ryan Murray              0  0  0  -1  0   1  1  1  0  0  0/0    20:30   3:19   5:17 
Ryan White               0  0  0   0  2   1  4  0  0  0  2/2     7:07   0:00   0:00 
Scott Hartnell           0  0  0  -1  2   1  0  0  0  0  0/2    16:22   3:36   0:00 
Troy Stecher             0  0  0  -1  2   1  1  2  0  0  0/0    12:56   0:00   0:50 

Players Stats for Sabres

Player Name              G  A  P  +/- PIM S  H  SB GA TA FO     MP     PP MP  PK MP  
------------------------------------------------------------------------------------
Adam Pelech              0  1  1   1  0   0  1  1  0  0  0/0    14:24   0:12   0:18 
Anders Lee               1  0  1   1  0   1  1  0  0  0  2/2    16:49   4:21   0:53 
Bo Horvat                0  1  1   1  0   7  2  0  0  0  8/17   20:17   4:21   4:21 
Brandon Saad             0  1  1   1  0   6  0  0  0  0  0/1    20:57   5:22   2:31 
Brett Connolly           0  0  0   0  2   0  0  0  0  0  0/0     6:37   0:12   0:00 
Cody Franson             0  0  0   1  2   1  1  2  0  0  0/0    15:33   0:00   1:40 
Dan Girardi              0  0  0   1  0   0  1  3  0  0  0/0    24:33   5:20   3:45 
Hunter Shinkaruk         0  0  0   0  0   1  0  0  0  0  0/1     6:26   0:00   0:00 
Jake McCabe              0  1  1   2  2   1  0  1  0  0  0/0    20:12   4:23   3:03 
Kyle Turris              1  0  1   1  0   4  2  0  0  0  15/31  23:10   5:34   4:32 
Markus Hannikainen       0  0  0   2  0   1  0  0  0  0  0/1    11:04   0:00   0:00 
Mathew Dumba             0  1  1   2  0   0  1  0  0  0  0/0    21:10   4:23   4:00 
Nino Niederreiter        0  0  0   1  0   4  3  0  0  0  1/3    18:26   5:22   0:00 
Patrick Eaves            2  0  2   2  0   5  1  0  0  0  0/1    11:16   0:12   0:00 
Rasmus Ristolainen       0  1  1   1  2   2  1  0  0  0  0/0    24:05   5:32   3:06 
Ryan Nugent-Hopkins      0  2  2   2  0   5  0  0  0  0  10/18  13:35   0:00   2:31 
Thomas Vanek             0  0  0   1  0   1  0  0  0  0  0/2    15:56   4:21   0:00 
Zach Hyman               0  0  0   0  0   1  4  0  0  0  2/10    7:30   0:00   1:04 

3 Stars

1 - Thomas Greiss (BUF)
2 - Patrick Eaves (BUF)
3 - Ryan Nugent-Hopkins (BUF)

Power Play

Flyers - 0 on 4 Attempt(s) - 0.00%
Sabres - 0 on 5 Attempt(s) - 0.00%

Penalty Kill

Flyers - 5 on 5 Attempt(s) - 100.00% - Score 0 goal in Penalty Kill
Sabres - 4 on 4 Attempt(s) - 100.00% - Score 0 goal in Penalty Kill

Team Stat

Flyers - Hits : 24 - Faceoff Wins : 49 - Blocked Shots : 9 - Penalty Minutes : 10
Sabres - Hits : 18 - Faceoff Wins : 38 - Blocked Shots : 7 - Penalty Minutes : 8

Official

Referees : Garrett Rank and Dave Jackson
Linesman : Brian Mach and Mark Shewchyk

Game Notes

Patrick Maroon is injured at 6:59 of 3rd period (Sprained Right Knee)

Finance

Level 1 -- Attendance: 5808 (89.35%) -- Ticket Income 580 800 $
Level 2 -- Attendance: 5000 (100.00%) -- Ticket Income 375 000 $
Level 3 -- Attendance: 3387 (96.77%) -- Ticket Income 169 350 $
Level 4 -- Attendance: 2994 (97.52%) -- Ticket Income 74 850 $
Luxury Box -- Attendance: 729 (72.90%) -- Ticket Income 182 250 $
Game was played at the First Niagara Center.
Total Attendance: 17918 (93.96%)
Total Ticket Income: 1 382 250 $
Other Income: 207 338 $
Total Income: 1 589 588 $

% Time on Ice - Flyers

Lines # - Real PCT - Wanted PCT - Time Play
Normal Forward
1 - 32% - 38% - 13:17
2 - 30% - 30% - 12:47
3 - 21% - 20% - 8:57
4 - 17% - 12% - 7:08
Normal Defense
1 - 35% - 42% - 14:39
2 - 35% - 34% - 14:33
3 - 29% - 24% - 12:07
4 - 2% - 0% - 0:50
PP Forward
1 - 55% - 60% - 4:20
2 - 45% - 40% - 3:36
PP Defense
1 - 58% - 60% - 4:37
2 - 42% - 40% - 3:19
PK Forward
1 - 71% - 60% - 7:02
2 - 29% - 40% - 2:53
PK Defense
1 - 48% - 50% - 4:47
2 - 52% - 50% - 5:08
PK3 Forward
1 - 0% - 60%
2 - 0% - 40%
PK3 Defense
1 - 0% - 60%
2 - 0% - 40%
44 Forward
1 - 0% - 60%
2 - 0% - 40%
44 Defense
1 - 0% - 60%
2 - 0% - 40%
Last Minute Offensive  - 0:00
Last Minute Defensive  - 0:00
Total
Forward - 60:00
Defense - 60:00

% Time on Ice - Sabres

Lines # - Real PCT - Wanted PCT - Time Play
Normal Forward
1 - 31% - 40% - 13:04
2 - 27% - 30% - 11:35
3 - 26% - 20% - 11:04
4 - 15% - 10% - 6:26
Normal Defense
1 - 33% - 40% - 14:02
2 - 30% - 30% - 12:47
3 - 33% - 20% - 13:54
4 - 3% - 10% - 1:26
PP Forward
1 - 56% - 60% - 5:34
2 - 44% - 40% - 4:21
PP Defense
1 - 56% - 60% - 5:32
2 - 44% - 40% - 4:23
PK Forward
1 - 68% - 60% - 5:25
2 - 32% - 40% - 2:31
PK Defense
1 - 50% - 60% - 3:56
2 - 50% - 40% - 4:00
PK3 Forward
1 - 0% - 60%
2 - 0% - 40%
PK3 Defense
1 - 0% - 60%
2 - 0% - 40%
44 Forward
1 - 0% - 60%
2 - 0% - 40%
44 Defense
1 - 0% - 60%
2 - 0% - 40%
Last Minute Offensive  - 0:00
Last Minute Defensive  - 0:00
Total
Forward - 60:00
Defense - 60:00

Play by Play

1st period


0:01 of 1st period - Jean-Gabriel Pageau wins face-off versus Kyle Turris in neutral zone.
0:01 of 1st period - Marcus Johansson is hit by Kyle Turris and loses puck.
0:05 of 1st period - Ryan Ellis is hit by Dan Girardi and loses puck.
0:18 of 1st period - Shot by Marcus Johansson.
0:18 of 1st period - Deflect By Alexander Killorn.
0:18 of 1st period - Shot Blocked by Dan Girardi.
0:20 of 1st period - Shot by Marcus Johansson.
0:20 of 1st period - Shot Blocked by Dan Girardi.
0:22 of 1st period - Shot by Ryan Ellis.
0:22 of 1st period - Shot Misses the Net.
0:23 of 1st period - Minor Penalty to Rasmus Ristolainen for Tripping.
0:24 of 1st period - Calle Jarnkrok wins face-off versus Kyle Turris in Sabres zone.
1:09 of 1st period - Shot by Jonathan Ericsson.
1:09 of 1st period - Stopped by Thomas Greiss with a rebound.
1:11 of 1st period - Shot by Jean-Gabriel Pageau.
1:11 of 1st period - Stopped by Thomas Greiss without a rebound.
1:12 of 1st period - Ryan Nugent-Hopkins wins face-off versus Jean-Gabriel Pageau in Sabres zone.
1:12 of 1st period - Ryan Nugent-Hopkins is hit by Alexander Killorn.
1:38 of 1st period - Off-side.
1:39 of 1st period - Ryan Nugent-Hopkins wins face-off versus Calle Jarnkrok in neutral zone.
1:45 of 1st period - Icing by Scott Hartnell.
1:46 of 1st period - Calle Jarnkrok wins face-off versus Ryan Nugent-Hopkins in Flyers zone.
2:01 of 1st period - Shot by Ryan Ellis.
2:01 of 1st period - Stopped by Thomas Greiss with a rebound.
2:42 of 1st period - Brett Connolly is hit by Ryan White and loses puck.
2:47 of 1st period - Shot by Riley Sheahan.
2:47 of 1st period - Shot Misses the Net.
2:49 of 1st period - Shot by Riley Sheahan.
2:49 of 1st period - Stopped by Thomas Greiss with a rebound.
2:51 of 1st period - Shot by Ryan White.
2:51 of 1st period - Shot Misses the Net.
2:53 of 1st period - Shot by Troy Stecher.
2:53 of 1st period - Shot Blocked by Adam Pelech.
2:55 of 1st period - Shot by Ryan White.
2:55 of 1st period - Stopped by Thomas Greiss without a rebound.
2:56 of 1st period - Bo Horvat wins face-off versus Jean-Gabriel Pageau in Sabres zone.
2:56 of 1st period - Bo Horvat is hit by Alexander Killorn.
3:07 of 1st period - Shot by Bo Horvat.
3:07 of 1st period - Stopped by Steve Mason without a rebound.
3:08 of 1st period - Kyle Turris wins face-off versus Scott Hartnell in Flyers zone.
3:17 of 1st period - Shot by Kyle Turris.
3:17 of 1st period - Stopped by Steve Mason without a rebound.
3:18 of 1st period - Bo Horvat wins face-off versus Jean-Gabriel Pageau in Flyers zone.
3:18 of 1st period - Bo Horvat is hit by Damon Severson.
3:36 of 1st period - Shot by Jean-Gabriel Pageau.
3:36 of 1st period - Stopped by Thomas Greiss without a rebound.
3:37 of 1st period - Kyle Turris wins face-off versus Joel Ward in Sabres zone.
3:48 of 1st period - Shot by Kyle Turris.
3:48 of 1st period - Shot Blocked by Ryan Ellis.
3:56 of 1st period - Shot by Scott Hartnell.
3:56 of 1st period - Shot Misses the Net.
4:18 of 1st period - Jonathan Ericsson is hit by Kyle Turris and loses puck.
4:50 of 1st period - Shot by Casey Cizikas.
4:50 of 1st period - Stopped by Thomas Greiss with a rebound.
5:24 of 1st period - Shot by Jean-Gabriel Pageau.
5:24 of 1st period - Deflect By Marcus Johansson.
5:24 of 1st period - Stopped by Thomas Greiss without a rebound.
5:25 of 1st period - Riley Sheahan wins face-off versus Bo Horvat in Sabres zone.
6:10 of 1st period - Minor Penalty to Cody Franson for Interference.
6:11 of 1st period - Kyle Turris wins face-off versus Jean-Gabriel Pageau in Sabres zone.
8:22 of 1st period - Shot by Patrick Eaves.
8:22 of 1st period - Stopped by Steve Mason without a rebound.
8:23 of 1st period - Casey Cizikas wins face-off versus Zach Hyman in Flyers zone.
8:32 of 1st period - Shot by Andre Burakovsky.
8:32 of 1st period - Shot Misses the Net.
8:38 of 1st period - Adam Pelech is hit by Andre Burakovsky and loses puck.
9:01 of 1st period - Shot by Scott Hartnell.
9:01 of 1st period - Shot Misses the Net.
9:12 of 1st period - Icing by Adam Pelech.
9:13 of 1st period - Riley Sheahan wins face-off versus Zach Hyman in Sabres zone.
9:38 of 1st period - Shot by Riley Sheahan.
9:38 of 1st period - Shot Misses the Net.
9:41 of 1st period - Icing by Dan Girardi.
9:42 of 1st period - Calle Jarnkrok wins face-off versus Kyle Turris in Sabres zone.
9:50 of 1st period - Icing by Brandon Saad.
9:51 of 1st period - Jean-Gabriel Pageau wins face-off versus Nino Niederreiter in Sabres zone.
10:18 of 1st period - Shot by Jonathan Ericsson.
10:18 of 1st period - Shot Misses the Net.
10:20 of 1st period - Shot by Jean-Gabriel Pageau.
10:20 of 1st period - Stopped by Thomas Greiss without a rebound.
10:21 of 1st period - Bo Horvat wins face-off versus Calle Jarnkrok in Sabres zone.
10:33 of 1st period - Shot by Anders Lee.
10:33 of 1st period - Shot Misses the Net.
10:53 of 1st period - Shot by Jake McCabe.
10:53 of 1st period - Shot Blocked by Calle Jarnkrok.
11:07 of 1st period - Andrew MacDonald is hit by Anders Lee and loses puck.
11:24 of 1st period - Shot by Andre Burakovsky.
11:24 of 1st period - Shot Misses the Net.
12:15 of 1st period - Shot by Jean-Gabriel Pageau.
12:15 of 1st period - Stopped by Thomas Greiss without a rebound.
12:16 of 1st period - Riley Sheahan wins face-off versus Zach Hyman in Sabres zone.
12:21 of 1st period - Shot by Ryan White.
12:21 of 1st period - Shot Misses the Net.
12:35 of 1st period - Shot by Zach Hyman.
12:35 of 1st period - Shot Blocked by Ryan Murray.
12:37 of 1st period - Shot by Cody Franson.
12:37 of 1st period - Deflect By Zach Hyman.
12:37 of 1st period - Stopped by Steve Mason without a rebound.
12:38 of 1st period - Calle Jarnkrok wins face-off versus Kyle Turris in Flyers zone.
12:38 of 1st period - Calle Jarnkrok is hit by Nino Niederreiter.
12:41 of 1st period - Icing by Scott Hartnell.
12:42 of 1st period - Calle Jarnkrok wins face-off versus Kyle Turris in Flyers zone.
12:52 of 1st period - Off-side.
12:53 of 1st period - Jean-Gabriel Pageau wins face-off versus Thomas Vanek in neutral zone.
13:17 of 1st period - Shot by Anders Lee.
13:17 of 1st period - Shot Misses the Net.
13:21 of 1st period - Shot by Bo Horvat.
13:21 of 1st period - Stopped by Steve Mason without a rebound.
13:22 of 1st period - Calle Jarnkrok wins face-off versus Kyle Turris in Flyers zone.
13:33 of 1st period - Shot by Joel Ward.
13:33 of 1st period - Shot Misses the Net.
14:43 of 1st period - Jean-Gabriel Pageau is hit by Rasmus Ristolainen.
15:17 of 1st period - Shot by Bo Horvat.
15:17 of 1st period - Stopped by Steve Mason without a rebound.
15:18 of 1st period - Casey Cizikas wins face-off versus Hunter Shinkaruk in Flyers zone.
15:40 of 1st period - Shot by Hunter Shinkaruk.
15:40 of 1st period - Stopped by Steve Mason without a rebound.
15:41 of 1st period - Kyle Turris wins face-off versus Riley Sheahan in Flyers zone.
15:52 of 1st period - Shot by Riley Sheahan.
15:52 of 1st period - Stopped by Thomas Greiss without a rebound.
15:53 of 1st period - Anders Lee wins face-off versus Calle Jarnkrok in Sabres zone.
16:00 of 1st period - Shot by Anders Lee.
16:00 of 1st period - Goal by Anders Lee - Flyers : 0 - Sabres : 1.
16:01 of 1st period - Kyle Turris wins face-off versus Casey Cizikas in neutral zone.
16:11 of 1st period - Icing by Andrew MacDonald.
16:12 of 1st period - Anders Lee wins face-off versus Casey Cizikas in Flyers zone.
16:34 of 1st period - Shot by Casey Cizikas.
16:34 of 1st period - Deflect By Andre Burakovsky.
16:34 of 1st period - Shot Misses the Net.
16:36 of 1st period - Shot by Kyle Brodziak.
16:36 of 1st period - Shot Blocked by Jake McCabe.
17:16 of 1st period - Shot by Marcus Johansson.
17:16 of 1st period - Stopped by Thomas Greiss with a rebound.
17:31 of 1st period - Shot by Kyle Turris.
17:31 of 1st period - Goal by Kyle Turris - Flyers : 0 - Sabres : 2.
17:32 of 1st period - Ryan Nugent-Hopkins wins face-off versus Scott Hartnell in neutral zone.
17:48 of 1st period - Shot by Patrick Eaves.
17:48 of 1st period - Stopped by Steve Mason without a rebound.
17:49 of 1st period - Ryan White wins face-off versus Zach Hyman in Flyers zone.
17:49 of 1st period - Ryan White is hit by Zach Hyman.
17:59 of 1st period - Shot by Patrick Maroon.
17:59 of 1st period - Stopped by Thomas Greiss without a rebound.
18:00 of 1st period - Bo Horvat wins face-off versus Calle Jarnkrok in Sabres zone.
18:15 of 1st period - Shot by Thomas Vanek.
18:15 of 1st period - Shot Misses the Net.
18:24 of 1st period - Icing by Ryan Murray.
18:25 of 1st period - Calle Jarnkrok wins face-off versus Kyle Turris in Flyers zone.
19:32 of 1st period - Shot by Patrick Eaves.
19:32 of 1st period - Goal by Patrick Eaves - Flyers : 0 - Sabres : 3.
19:33 of 1st period - Casey Cizikas wins face-off versus Bo Horvat in neutral zone.
19:47 of 1st period - Icing by Cody Franson.
19:48 of 1st period - Bo Horvat wins face-off versus Jean-Gabriel Pageau in Sabres zone.
19:48 of 1st period - Thomas Vanek is hit by Alexander Killorn and loses puck.
Goals for this period are 0 for Flyers vs 3 for Sabres.
Shots for this period are 13 for Flyers vs 11 for Sabres.

2nd period


0:01 of 2nd period - Jean-Gabriel Pageau wins face-off versus Kyle Turris in neutral zone.
0:34 of 2nd period - Nino Niederreiter is hit by Marcus Johansson.
1:30 of 2nd period - Shot by Bo Horvat.
1:30 of 2nd period - Shot Misses the Net.
1:32 of 2nd period - Shot by Bo Horvat.
1:32 of 2nd period - Stopped by Steve Mason without a rebound.
1:33 of 2nd period - Ryan Nugent-Hopkins wins face-off versus Casey Cizikas in Flyers zone.
1:34 of 2nd period - Shot by Patrick Eaves.
1:34 of 2nd period - Stopped by Steve Mason without a rebound.
1:35 of 2nd period - Ryan Nugent-Hopkins wins face-off versus Casey Cizikas in Flyers zone.
1:38 of 2nd period - Shot by Ryan Nugent-Hopkins.
1:38 of 2nd period - Stopped by Steve Mason without a rebound.
1:39 of 2nd period - Casey Cizikas wins face-off versus Bo Horvat in Flyers zone.
1:39 of 2nd period - Casey Cizikas is hit by Bo Horvat.
1:44 of 2nd period - Icing by Troy Stecher.
1:45 of 2nd period - Casey Cizikas wins face-off versus Bo Horvat in Flyers zone.
2:06 of 2nd period - Shot by Thomas Vanek.
2:06 of 2nd period - Shot Misses the Net.
2:08 of 2nd period - Shot by Jake McCabe.
2:08 of 2nd period - Stopped by Steve Mason without a rebound.
2:09 of 2nd period - Ryan Nugent-Hopkins wins face-off versus Jean-Gabriel Pageau in Flyers zone.
2:10 of 2nd period - Shot by Patrick Eaves.
2:10 of 2nd period - Shot Misses the Net.
2:12 of 2nd period - Shot by Patrick Eaves.
2:12 of 2nd period - Shot Misses the Net.
2:14 of 2nd period - Shot by Ryan Nugent-Hopkins.
2:14 of 2nd period - Stopped by Steve Mason without a rebound.
2:15 of 2nd period - Jean-Gabriel Pageau wins face-off versus Ryan Nugent-Hopkins in Flyers zone.
3:04 of 2nd period - Ryan Ellis is hit by Nino Niederreiter and loses puck.
3:11 of 2nd period - Shot by Nino Niederreiter.
3:11 of 2nd period - Stopped by Steve Mason without a rebound.
3:12 of 2nd period - Calle Jarnkrok wins face-off versus Thomas Vanek in Flyers zone.
3:12 of 2nd period - Joel Ward is hit by Bo Horvat and loses puck.
3:41 of 2nd period - Calle Jarnkrok is hit by Cody Franson and loses puck.
4:14 of 2nd period - Shot by Nino Niederreiter.
4:14 of 2nd period - Stopped by Steve Mason without a rebound.
4:15 of 2nd period - Riley Sheahan wins face-off versus Zach Hyman in Flyers zone.
4:15 of 2nd period - Riley Sheahan is hit by Zach Hyman.
4:23 of 2nd period - Zach Hyman is hit by Ryan White.
4:44 of 2nd period - Minor Penalty to Jonathan Ericsson for Cross-checking.
4:45 of 2nd period - Kyle Brodziak wins face-off versus Kyle Turris in Flyers zone.
5:18 of 2nd period - Shot by Brandon Saad.
5:18 of 2nd period - Stopped by Steve Mason with a rebound.
6:51 of 2nd period - Shot by Patrick Eaves.
6:51 of 2nd period - Deflect By Ryan Nugent-Hopkins.
6:51 of 2nd period - Shot Misses the Net.
6:53 of 2nd period - Shot by Cody Franson.
6:53 of 2nd period - Shot Blocked by Alexander Killorn.
6:57 of 2nd period - Shot by Ryan Nugent-Hopkins.
6:57 of 2nd period - Stopped by Steve Mason without a rebound.
6:58 of 2nd period - Calle Jarnkrok wins face-off versus Zach Hyman in Flyers zone.
7:16 of 2nd period - Shot by Joel Ward.
7:16 of 2nd period - Shot Blocked by Cody Franson.
7:37 of 2nd period - Brett Connolly is hit by Jonathan Ericsson.
7:46 of 2nd period - Minor Penalty to Ryan White for Tripping.
7:47 of 2nd period - Kyle Brodziak wins face-off versus Kyle Turris in Flyers zone.
7:47 of 2nd period - Kyle Brodziak is hit by Nino Niederreiter.
8:10 of 2nd period - Shot by Nino Niederreiter.
8:10 of 2nd period - Shot Misses the Net.
8:12 of 2nd period - Shot by Nino Niederreiter.
8:12 of 2nd period - Shot Blocked by Andrew MacDonald.
8:14 of 2nd period - Shot by Rasmus Ristolainen.
8:14 of 2nd period - Deflect By Kyle Turris.
8:14 of 2nd period - Stopped by Steve Mason with a rebound.
8:16 of 2nd period - Shot by Rasmus Ristolainen.
8:16 of 2nd period - Stopped by Steve Mason without a rebound.
8:17 of 2nd period - Bo Horvat wins face-off versus Riley Sheahan in Flyers zone.
8:39 of 2nd period - Anders Lee is hit by Jonathan Ericsson and loses puck.
8:54 of 2nd period - Shot by Anders Lee.
8:54 of 2nd period - Shot Blocked by Ryan Ellis.
9:49 of 2nd period - Shot by Markus Hannikainen.
9:49 of 2nd period - Deflect By Ryan Nugent-Hopkins.
9:49 of 2nd period - Shot Misses the Net.
10:01 of 2nd period - Alexander Killorn is hit by Patrick Eaves and loses puck.
10:16 of 2nd period - Icing by Patrick Eaves.
10:17 of 2nd period - Calle Jarnkrok wins face-off versus Ryan Nugent-Hopkins in Sabres zone.
10:21 of 2nd period - Icing by Adam Pelech.
10:22 of 2nd period - Calle Jarnkrok wins face-off versus Ryan Nugent-Hopkins in Sabres zone.
10:22 of 2nd period - Calle Jarnkrok is hit by Adam Pelech.
10:33 of 2nd period - Markus Hannikainen is hit by Jonathan Ericsson and loses puck.
10:57 of 2nd period - Minor Penalty to Scott Hartnell for Hooking.
10:58 of 2nd period - Kyle Turris wins face-off versus Kyle Brodziak in Flyers zone.
12:42 of 2nd period - Shot by Alexander Killorn.
12:42 of 2nd period - Stopped by Thomas Greiss without a rebound.
12:43 of 2nd period - Kyle Turris wins face-off versus Alexander Killorn in Sabres zone.
12:54 of 2nd period - Shot by Brandon Saad.
12:54 of 2nd period - Stopped by Steve Mason without a rebound.
12:55 of 2nd period - Kyle Turris wins face-off versus Riley Sheahan in Flyers zone.
12:58 of 2nd period - Shot by Ryan Nugent-Hopkins.
12:58 of 2nd period - Stopped by Steve Mason without a rebound.
12:59 of 2nd period - Ryan Nugent-Hopkins wins face-off versus Riley Sheahan in Flyers zone.
13:03 of 2nd period - Patrick Eaves is hit by Jonathan Ericsson and loses puck.
13:23 of 2nd period - Cody Franson is hit by Jonathan Ericsson and loses puck.
13:28 of 2nd period - Shot by Ryan Nugent-Hopkins.
13:28 of 2nd period - Shot Misses the Net.
13:30 of 2nd period - Shot by Cody Franson.
13:30 of 2nd period - Stopped by Steve Mason without a rebound.
13:31 of 2nd period - Kyle Turris wins face-off versus Marcus Johansson in Flyers zone.
13:31 of 2nd period - Minor Penalty to Troy Stecher for Hooking.
13:32 of 2nd period - Kyle Turris wins face-off versus Kyle Brodziak in Flyers zone.
13:45 of 2nd period - Shot by Rasmus Ristolainen.
13:45 of 2nd period - Stopped by Steve Mason without a rebound.
13:46 of 2nd period - Kyle Brodziak wins face-off versus Bo Horvat in Flyers zone.
13:52 of 2nd period - Icing by Bo Horvat.
13:53 of 2nd period - Bo Horvat wins face-off versus Kyle Brodziak in Sabres zone.
15:05 of 2nd period - Shot by Kyle Turris.
15:05 of 2nd period - Deflect By Brandon Saad.
15:05 of 2nd period - Shot Misses the Net.
16:02 of 2nd period - Shot by Markus Hannikainen.
16:02 of 2nd period - Stopped by Steve Mason with a rebound.
16:04 of 2nd period - Shot by Ryan Nugent-Hopkins.
16:04 of 2nd period - Stopped by Steve Mason without a rebound.
16:05 of 2nd period - Zach Hyman wins face-off versus Calle Jarnkrok in Flyers zone.
16:05 of 2nd period - Brett Connolly is hit by Ryan Murray and loses puck.
16:08 of 2nd period - Shot by Brett Connolly.
16:08 of 2nd period - Shot Misses the Net.
16:49 of 2nd period - Shot by Anders Lee.
16:49 of 2nd period - Shot Misses the Net.
17:13 of 2nd period - Shot by Thomas Vanek.
17:13 of 2nd period - Stopped by Steve Mason without a rebound.
17:14 of 2nd period - Riley Sheahan wins face-off versus Kyle Turris in Flyers zone.
17:26 of 2nd period - Shot by Nino Niederreiter.
17:26 of 2nd period - Stopped by Steve Mason without a rebound.
17:27 of 2nd period - Jean-Gabriel Pageau wins face-off versus Ryan Nugent-Hopkins in Flyers zone.
17:40 of 2nd period - Shot by Marcus Johansson.
17:40 of 2nd period - Stopped by Thomas Greiss without a rebound.
17:41 of 2nd period - Casey Cizikas wins face-off versus Nino Niederreiter in Sabres zone.
18:58 of 2nd period - Anders Lee is hit by Jonathan Ericsson and loses puck.
19:04 of 2nd period - Minor Penalty to Jonathan Ericsson for Hooking.
19:05 of 2nd period - Kyle Turris wins face-off versus Riley Sheahan in Flyers zone.
19:20 of 2nd period - Shot by Brandon Saad.
19:20 of 2nd period - Stopped by Steve Mason without a rebound.
19:21 of 2nd period - Kyle Brodziak wins face-off versus Bo Horvat in Flyers zone.
19:49 of 2nd period - Shot by Bo Horvat.
19:49 of 2nd period - Shot Misses the Net.
Goals for this period are 0 for Flyers vs 0 for Sabres.
Shots for this period are 2 for Flyers vs 20 for Sabres.

3rd period


0:01 of 3rd period - Kyle Turris wins face-off versus Kyle Brodziak in neutral zone.
0:22 of 3rd period - Shot by Kyle Turris.
0:22 of 3rd period - Deflect By Brandon Saad.
0:22 of 3rd period - Stopped by Steve Mason with a rebound.
0:55 of 3rd period - Off-side.
0:56 of 3rd period - Riley Sheahan wins face-off versus Bo Horvat in neutral zone.
1:23 of 3rd period - Shot by Patrick Eaves.
1:23 of 3rd period - Goal by Patrick Eaves - Flyers : 0 - Sabres : 4.
1:24 of 3rd period - Bo Horvat wins face-off versus Calle Jarnkrok in neutral zone.
1:32 of 3rd period - Minor Penalty to Jake McCabe for Tripping.
1:33 of 3rd period - Jean-Gabriel Pageau wins face-off versus Kyle Turris in Sabres zone.
1:42 of 3rd period - Shot by Ryan Ellis.
1:42 of 3rd period - Stopped by Thomas Greiss with a rebound.
2:08 of 3rd period - Shot by Ryan Ellis.
2:08 of 3rd period - Stopped by Thomas Greiss without a rebound.
2:09 of 3rd period - Kyle Turris wins face-off versus Calle Jarnkrok in Sabres zone.
2:43 of 3rd period - Shot by Ryan Murray.
2:43 of 3rd period - Shot Misses the Net.
4:24 of 3rd period - Shot by Andre Burakovsky.
4:24 of 3rd period - Deflect By Casey Cizikas.
4:24 of 3rd period - Stopped by Thomas Greiss without a rebound.
4:25 of 3rd period - Calle Jarnkrok wins face-off versus Zach Hyman in Sabres zone.
4:29 of 3rd period - Scott Hartnell is hit by Mathew Dumba and loses puck.
4:55 of 3rd period - Minor Penalty to Brett Connolly for Tripping.
4:56 of 3rd period - Kyle Turris wins face-off versus Jean-Gabriel Pageau in Sabres zone.
5:15 of 3rd period - Shot by Alexander Killorn.
5:15 of 3rd period - Shot Misses the Net.
5:49 of 3rd period - Shot by Ryan Ellis.
5:49 of 3rd period - Stopped by Thomas Greiss without a rebound.
5:50 of 3rd period - Ryan Nugent-Hopkins wins face-off versus Alexander Killorn in Sabres zone.
5:50 of 3rd period - Ryan Nugent-Hopkins is hit by Alexander Killorn.
6:08 of 3rd period - Shot by Jean-Gabriel Pageau.
6:08 of 3rd period - Stopped by Thomas Greiss without a rebound.
6:09 of 3rd period - Calle Jarnkrok wins face-off versus Ryan Nugent-Hopkins in Sabres zone.
6:38 of 3rd period - Icing by Jonathan Ericsson.
6:39 of 3rd period - Calle Jarnkrok wins face-off versus Kyle Turris in Flyers zone.
6:58 of 3rd period - Patrick Maroon is hit by Zach Hyman and loses puck.
6:59 of 3rd period - Patrick Maroon from Flyers is injured at 6:59 of 3rd period (Sprained Right Knee).
7:00 of 3rd period - Ryan Nugent-Hopkins wins face-off versus Jean-Gabriel Pageau in Flyers zone.
7:01 of 3rd period - Shot by Patrick Eaves.
7:01 of 3rd period - Shot Blocked by Jean-Gabriel Pageau.
7:04 of 3rd period - Icing by Andrew MacDonald.
7:05 of 3rd period - Jean-Gabriel Pageau wins face-off versus Ryan Nugent-Hopkins in Flyers zone.
7:13 of 3rd period - Icing by Dan Girardi.
7:14 of 3rd period - Jean-Gabriel Pageau wins face-off versus Ryan Nugent-Hopkins in Sabres zone.
7:21 of 3rd period - Shot by Jean-Gabriel Pageau.
7:21 of 3rd period - Stopped by Thomas Greiss with a rebound.
7:23 of 3rd period - Shot by Jean-Gabriel Pageau.
7:23 of 3rd period - Shot Blocked by Dan Girardi.
8:17 of 3rd period - Shot by Andre Burakovsky.
8:17 of 3rd period - Shot Misses the Net.
8:19 of 3rd period - Shot by Ryan Ellis.
8:19 of 3rd period - Shot Misses the Net.
8:21 of 3rd period - Shot by Casey Cizikas.
8:21 of 3rd period - Shot Misses the Net.
8:23 of 3rd period - Shot by Casey Cizikas.
8:23 of 3rd period - Stopped by Thomas Greiss without a rebound.
8:24 of 3rd period - Calle Jarnkrok wins face-off versus Bo Horvat in Sabres zone.
8:47 of 3rd period - Shot by Scott Hartnell.
8:47 of 3rd period - Stopped by Thomas Greiss with a rebound.
8:49 of 3rd period - Shot by Ryan Murray.
8:49 of 3rd period - Stopped by Thomas Greiss with a rebound.
9:35 of 3rd period - Shot by Marcus Johansson.
9:35 of 3rd period - Shot Misses the Net.
9:37 of 3rd period - Shot by Jonathan Ericsson.
9:37 of 3rd period - Stopped by Thomas Greiss without a rebound.
9:38 of 3rd period - Zach Hyman wins face-off versus Andre Burakovsky in Sabres zone.
10:36 of 3rd period - Icing by Mathew Dumba.
10:37 of 3rd period - Jean-Gabriel Pageau wins face-off versus Kyle Turris in Sabres zone.
10:46 of 3rd period - Shot by Jean-Gabriel Pageau.
10:46 of 3rd period - Shot Misses the Net.
11:50 of 3rd period - Shot by Calle Jarnkrok.
11:50 of 3rd period - Shot Blocked by Cody Franson.
11:52 of 3rd period - Shot by Joel Ward.
11:52 of 3rd period - Stopped by Thomas Greiss with a rebound.
11:58 of 3rd period - Shot by Joel Ward.
11:58 of 3rd period - Shot Misses the Net.
12:37 of 3rd period - Icing by Dan Girardi.
12:38 of 3rd period - Ryan White wins face-off versus Patrick Eaves in Sabres zone.
12:55 of 3rd period - Icing by Rasmus Ristolainen.
12:56 of 3rd period - Ryan Nugent-Hopkins wins face-off versus Casey Cizikas in Sabres zone.
12:56 of 3rd period - Ryan Nugent-Hopkins is hit by Kyle Brodziak.
13:10 of 3rd period - Icing by Damon Severson.
13:11 of 3rd period - Casey Cizikas wins face-off versus Brandon Saad in Flyers zone.
13:23 of 3rd period - Shot by Kyle Turris.
13:23 of 3rd period - Stopped by Steve Mason without a rebound.
13:24 of 3rd period - Jean-Gabriel Pageau wins face-off versus Bo Horvat in Flyers zone.
14:01 of 3rd period - Shot by Marcus Johansson.
14:01 of 3rd period - Stopped by Thomas Greiss without a rebound.
14:02 of 3rd period - Kyle Turris wins face-off versus Calle Jarnkrok in Sabres zone.
14:49 of 3rd period - Shot by Troy Stecher.
14:49 of 3rd period - Stopped by Thomas Greiss with a rebound.
15:28 of 3rd period - Ryan Nugent-Hopkins is hit by Jonathan Ericsson and loses puck.
15:43 of 3rd period - Shot by Anders Lee.
15:43 of 3rd period - Shot Misses the Net.
15:53 of 3rd period - Shot by Bo Horvat.
15:53 of 3rd period - Shot Misses the Net.
15:55 of 3rd period - Shot by Bo Horvat.
15:55 of 3rd period - Stopped by Steve Mason without a rebound.
15:56 of 3rd period - Riley Sheahan wins face-off versus Zach Hyman in Flyers zone.
16:13 of 3rd period - Andrew MacDonald is hit by Zach Hyman and loses puck.
16:24 of 3rd period - Cody Franson is hit by Ryan White and loses puck.
16:47 of 3rd period - Shot by Rasmus Ristolainen.
16:47 of 3rd period - Shot Blocked by Troy Stecher.
17:10 of 3rd period - Anders Lee is hit by Troy Stecher and loses puck.
17:15 of 3rd period - Shot by Bo Horvat.
17:15 of 3rd period - Shot Blocked by Troy Stecher.
17:32 of 3rd period - Shot by Brandon Saad.
17:32 of 3rd period - Stopped by Steve Mason without a rebound.
17:33 of 3rd period - Casey Cizikas wins face-off versus Kyle Turris in Flyers zone.
17:40 of 3rd period - Nino Niederreiter is hit by Casey Cizikas and loses puck.
17:44 of 3rd period - Icing by Jake McCabe.
17:45 of 3rd period - Nino Niederreiter wins face-off versus Riley Sheahan in Sabres zone.
17:45 of 3rd period - Nino Niederreiter is hit by Ryan White.
18:03 of 3rd period - Shot by Brandon Saad.
18:03 of 3rd period - Stopped by Steve Mason with a rebound.
18:11 of 3rd period - Shot by Brandon Saad.
18:11 of 3rd period - Shot Misses the Net.
18:13 of 3rd period - Shot by Brandon Saad.
18:13 of 3rd period - Deflect By Nino Niederreiter.
18:13 of 3rd period - Shot Misses the Net.
18:15 of 3rd period - Shot by Nino Niederreiter.
18:15 of 3rd period - Stopped by Steve Mason without a rebound.
18:16 of 3rd period - Kyle Brodziak wins face-off versus Markus Hannikainen in Flyers zone.
18:46 of 3rd period - Patrick Eaves is hit by Jonathan Ericsson and loses puck.
19:07 of 3rd period - Shot by Bo Horvat.
19:07 of 3rd period - Stopped by Steve Mason with a rebound.
19:09 of 3rd period - Shot by Bo Horvat.
19:09 of 3rd period - Stopped by Steve Mason without a rebound.
19:10 of 3rd period - Jean-Gabriel Pageau wins face-off versus Kyle Turris in Flyers zone.
19:17 of 3rd period - Mathew Dumba is hit by Alexander Killorn and loses puck.
Goals for this period are 0 for Flyers vs 1 for Sabres.
Shots for this period are 13 for Flyers vs 9 for Sabres.